[ AOE2 MATCH · #506648043 ]
UnrankedTurks vs Berbers
Player's team · WIN
Rival team · LOSS
[ REPLAY ANALYSIS · EXTRACTED FROM THE RECORDED GAME ]
Feudal
8:51
Castle
24:52
Imperial
—
| APM avg | 90.1 |
| APM peak | 141 |
| eAPM avg | 42.6 |
| Villagers / military | 109 / 66 |
Focus
⚔️ 59.4% · 🌾 40.6%
Scout Cavalry ×54 · Monk ×5 · Archer ×2 · Scorpion ×2 · Battering Ram ×2 · Mangonel ×1
Feudal
8:33
Castle
20:02
Imperial
—
| APM avg | 68.6 |
| APM peak | 115 |
| eAPM avg | 37.9 |
| Villagers / military | 111 / 51 |
Focus
⚔️ 49.7% · 🌾 50.3%
Camel Archer ×22 · Camel Scout ×18 · Scout Cavalry ×5 · Knight ×3 · Spearman ×3
Match map
Initial resources + every placement click. Lines = walls · curves = elevation contours. ◆ gold · ⬟ stone · ● berries · ✦ relic · ◌ wall gap
Your base· ✓ Closed at 24:52 · 26t walls · no gate
DS_Ciskhan's base· ✓ Closed at 20:02 · 82t walls · 1 gate(s)
Smoothed initial terrain · ◌ = detected wall gap · hover for details
Inputs per minute
— CNZS_DuDuZhu - - DS_Ciskhan
Build order — CNZS_DuDuZhu
First 150 of 288 actions detected
| 0:00 | Queue | Villager (Male) |
| 0:01 | Queue | Villager (Male) |
| 0:02 | Build | House |
| 0:02 | Build | House |
| 0:05 | Queue | Villager (Male) |
| 0:05 | Queue | Villager (Male) |
| 0:53 | Build | Mill |
| 1:27 | Queue | Villager (Male) |
| 1:27 | Queue | Villager (Male) |
| 1:55 | Queue | Villager (Male) |
| 1:56 | Queue | Villager (Male) |
| 2:22 | Queue | Villager (Male) |
| 2:22 | Queue | Villager (Male) |
| 2:52 | Queue | Villager (Male) |
| 2:52 | Queue | Villager (Male) |
| 3:05 | Queue | Villager (Male) |
| 3:21 | Queue | Villager (Male) |
| 3:21 | Queue | Villager (Male) |
| 3:39 | Build | House |
| 3:44 | Queue | Villager (Male) |
| 3:44 | Queue | Villager (Male) |
| 4:20 | Queue | Villager (Male) |
| 4:36 | Queue | Villager (Male) |
| 5:03 | Queue | Villager (Male) |
| 5:32 | Queue | Villager (Male) |
| 5:39 | Build | Lumber Camp |
| 6:03 | Research | Loom |
| 6:32 | Research | Feudal Age |
| 6:32 | Research | Feudal Age |
| 6:32 | Research | Feudal Age |
| 7:01 | Build | Lumber Camp |
| 7:18 | Queue | Villager (Male) |
| 8:02 | Build | Barracks |
| 8:19 | Build | House |
| 8:51 | Age | Feudal Age |
| 9:07 | Queue | Villager (Male) |
| 9:12 | Build | Stable |
| 9:22 | Research | Double-Bit Axe |
| 9:23 | Research | Double-Bit Axe |
| 9:23 | Queue | Villager (Male) |
| 9:42 | Queue | Villager (Male) |
| 9:46 | Build | House |
| 9:52 | Build | Palisade Wall |
| 9:57 | Build | Palisade Wall |
| 9:59 | Queue | Scout Cavalry |
| 10:08 | Queue | Villager (Male) |
| 10:19 | Build | Mill |
| 10:22 | Build | Palisade Wall |
| 10:30 | Queue | Villager (Male) |
| 10:34 | Queue | Villager (Male) |
| 10:49 | Queue | Scout Cavalry |
| 10:54 | Research | Horse Collar |
| 11:02 | Build | House |
| 11:04 | Build | Farm |
| 11:05 | Build | Farm |
| 11:13 | Build | Farm |
| 11:15 | Build | Palisade Wall |
| 11:28 | Build | Palisade Wall |
| 11:33 | Queue | Scout Cavalry |
| 11:35 | Build | Farm |
| 11:37 | Queue | Villager (Male) |
| 11:37 | Queue | Villager (Male) |
| 11:41 | Build | Palisade Wall |
| 11:49 | Build | Farm |
| 11:55 | Build | House |
| 12:00 | Queue | Villager (Male) |
| 12:07 | Build | Palisade Gate |
| 12:16 | Build | Farm |
| 12:17 | Queue | Scout Cavalry |
| 12:24 | Queue | Villager (Male) |
| 12:25 | Queue | Villager (Male) |
| 12:35 | Build | Farm |
| 12:44 | Queue | Villager (Male) |
| 12:50 | Build | Farm |
| 13:04 | Queue | Villager (Male) |
| 13:07 | Build | Farm |
| 13:15 | Queue | Villager (Male) |
| 13:23 | Build | Farm |
| 13:24 | Build | Farm |
| 13:30 | Queue | Scout Cavalry |
| 13:35 | Build | Farm |
| 13:38 | Queue | Villager (Male) |
| 13:44 | Build | Farm |
| 13:54 | Queue | Villager (Male) |
| 14:00 | Build | Farm |
| 14:10 | Queue | Scout Cavalry |
| 14:23 | Build | Farm |
| 14:28 | Queue | Villager (Male) |
| 14:29 | Build | Mining Camp |
| 14:38 | Queue | Scout Cavalry |
| 14:46 | Build | House |
| 14:49 | Build | House |
| 14:50 | Build | House |
| 14:52 | Queue | Villager (Male) |
| 14:55 | Queue | Villager (Male) |
| 15:10 | Queue | Villager (Male) |
| 15:21 | Build | Archery Range |
| 15:24 | Queue | Villager (Male) |
| 15:27 | Queue | Villager (Male) |
| 15:29 | Queue | Villager (Male) |
| 15:50 | Research | Wheelbarrow |
| 15:50 | Research | Wheelbarrow |
| 15:56 | Queue | Scout Cavalry |
| 15:59 | Queue | Archer |
| 16:01 | Queue | Villager (Male) |
| 16:03 | Build | House |
| 16:31 | Build | Watch Tower |
| 16:36 | Queue | Scout Cavalry |
| 16:37 | Queue | Archer |
| 16:39 | Queue | Villager (Male) |
| 17:01 | Build | Blacksmith |
| 17:11 | Queue | Scout Cavalry |
| 17:12 | Queue | Villager (Male) |
| 17:20 | Queue | Villager (Male) |
| 17:27 | Build | Watch Tower |
| 17:40 | Queue | Villager (Male) |
| 17:45 | Build | Mining Camp |
| 17:51 | Research | Bloodlines |
| 17:51 | Research | Bloodlines |
| 17:52 | Research | Bloodlines |
| 17:53 | Research | Forging |
| 17:53 | Research | Forging |
| 17:54 | Queue | Scout Cavalry |
| 18:30 | Build | Stable |
| 18:31 | Queue | Villager (Male) |
| 19:05 | Build | Watch Tower |
| 19:08 | Queue | Scout Cavalry |
| 19:10 | Research | Scale Barding Armor |
| 19:14 | Build | House |
| 19:18 | Queue | Villager (Male) |
| 19:23 | Queue | Scout Cavalry |
| 19:23 | Queue | Scout Cavalry |
| 19:26 | Queue | Villager (Male) |
| 19:28 | Build | Farm |
| 19:49 | Queue | Villager (Male) |
| 20:01 | Queue | Scout Cavalry |
| 20:02 | Queue | Scout Cavalry |
| 20:04 | Queue | Villager (Male) |
| 20:17 | Queue | Scout Cavalry |
| 20:17 | Queue | Scout Cavalry |
| 20:22 | Build | Market |
| 20:24 | Queue | Villager (Male) |
| 20:48 | Queue | Scout Cavalry |
| 20:48 | Queue | Scout Cavalry |
| 20:48 | Queue | Scout Cavalry |
| 21:03 | Queue | Villager (Male) |
| 21:05 | Build | Mill |
| 21:06 | Build | Farm |
| 21:06 | Build | Farm |
| 21:06 | Build | Farm |
Build order — DS_Ciskhan
First 150 of 275 actions detected
| 0:02 | Queue | Villager (Male) |
| 0:02 | Build | House |
| 0:04 | Build | House |
| 0:07 | Queue | Villager (Male) |
| 0:07 | Queue | Villager (Male) |
| 0:17 | Queue | Villager (Male) |
| 0:17 | Queue | Villager (Male) |
| 1:24 | Queue | Villager (Male) |
| 1:56 | Queue | Villager (Male) |
| 1:56 | Queue | Villager (Male) |
| 2:00 | Build | Mill |
| 2:34 | Queue | Villager (Male) |
| 2:34 | Queue | Villager (Male) |
| 2:53 | Queue | Villager (Male) |
| 2:53 | Queue | Villager (Male) |
| 3:24 | Queue | Villager (Male) |
| 3:24 | Queue | Villager (Male) |
| 3:34 | Queue | Villager (Male) |
| 3:35 | Queue | Villager (Male) |
| 3:37 | Build | House |
| 3:44 | Queue | Villager (Male) |
| 4:24 | Queue | Villager (Male) |
| 4:24 | Queue | Villager (Male) |
| 4:36 | Build | Lumber Camp |
| 5:07 | Queue | Villager (Male) |
| 5:08 | Queue | Villager (Male) |
| 5:22 | Queue | Villager (Male) |
| 5:49 | Research | Loom |
| 6:23 | Research | Feudal Age |
| 6:23 | Research | Feudal Age |
| 7:16 | Build | Barracks |
| 7:45 | Queue | Villager (Male) |
| 7:47 | Build | House |
| 7:57 | Queue | Villager (Male) |
| 8:33 | Age | Feudal Age |
| 8:36 | Build | Stable |
| 9:00 | Queue | Villager (Male) |
| 9:08 | Queue | Spearman |
| 9:09 | Research | Double-Bit Axe |
| 9:16 | Build | Palisade Wall |
| 9:19 | Build | Palisade Wall |
| 9:20 | Queue | Villager (Male) |
| 9:21 | Queue | Villager (Male) |
| 9:26 | Queue | Scout Cavalry |
| 9:26 | Queue | Scout Cavalry |
| 9:26 | Queue | Scout Cavalry |
| 9:39 | Queue | Villager (Male) |
| 9:39 | Queue | Villager (Male) |
| 9:48 | Build | Mill |
| 10:01 | Queue | Villager (Male) |
| 10:01 | Queue | Villager (Male) |
| 10:03 | Build | Palisade Wall |
| 10:05 | Build | Palisade Wall |
| 10:24 | Build | Farm |
| 10:35 | Queue | Villager (Male) |
| 10:40 | Build | Farm |
| 10:41 | Build | House |
| 10:45 | Research | Town Watch |
| 10:48 | Build | House |
| 10:51 | Queue | Villager (Male) |
| 10:51 | Queue | Villager (Male) |
| 10:57 | Build | Palisade Wall |
| 11:07 | Queue | Scout Cavalry |
| 11:11 | Queue | Villager (Male) |
| 11:15 | Build | Farm |
| 11:25 | Build | Palisade Wall |
| 11:29 | Queue | Villager (Male) |
| 11:30 | Queue | Villager (Male) |
| 11:46 | Queue | Scout Cavalry |
| 11:49 | Build | Farm |
| 11:58 | Queue | Villager (Male) |
| 11:59 | Queue | Villager (Male) |
| 12:13 | Build | Farm |
| 12:17 | Build | Farm |
| 12:26 | Queue | Villager (Male) |
| 12:26 | Queue | Villager (Male) |
| 12:34 | Queue | Villager (Male) |
| 12:34 | Queue | Villager (Male) |
| 12:34 | Queue | Villager (Male) |
| 12:36 | Build | Farm |
| 12:41 | Build | Palisade Wall |
| 12:50 | Queue | Villager (Male) |
| 12:50 | Queue | Villager (Male) |
| 12:50 | Queue | Villager (Male) |
| 13:05 | Queue | Villager (Male) |
| 13:06 | Queue | Villager (Male) |
| 13:07 | Build | Farm |
| 13:21 | Queue | Villager (Male) |
| 13:28 | Build | House |
| 13:44 | Queue | Villager (Male) |
| 13:45 | Build | Mining Camp |
| 14:03 | Build | House |
| 14:20 | Queue | Villager (Male) |
| 14:37 | Build | Farm |
| 14:39 | Build | Farm |
| 15:18 | Build | Mining Camp |
| 15:37 | Queue | Villager (Male) |
| 15:40 | Build | Blacksmith |
| 15:54 | Queue | Villager (Male) |
| 15:58 | Build | House |
| 16:00 | Queue | Spearman |
| 16:10 | Build | House |
| 16:19 | Queue | Spearman |
| 16:28 | Queue | Villager (Male) |
| 16:36 | Build | House |
| 16:53 | Build | Lumber Camp |
| 17:05 | Queue | Villager (Male) |
| 17:16 | Build | Watch Tower |
| 17:22 | Research | Castle Age |
| 17:22 | Research | Castle Age |
| 17:32 | Build | House |
| 17:38 | Build | Watch Tower |
| 17:51 | Build | Stone Wall |
| 17:52 | Build | Stone Wall |
| 18:10 | Research | Stone Mining |
| 18:11 | Research | Stone Mining |
| 18:37 | Build | Watch Tower |
| 18:49 | Research | Fletching |
| 18:50 | Research | Fletching |
| 19:11 | Build | Market |
| 19:16 | Build | Watch Tower |
| 19:22 | Queue | Villager (Male) |
| 19:56 | Build | Gate |
| 20:02 | Age | Castle Age |
| 20:02 | Build | House |
| 20:03 | Build | House |
| 20:22 | Queue | Villager (Male) |
| 20:22 | Queue | Villager (Male) |
| 20:22 | Queue | Villager (Male) |
| 20:46 | Queue | Villager (Male) |
| 20:47 | Queue | Knight |
| 20:48 | Queue | Knight |
| 20:48 | Queue | Knight |
| 20:50 | Build | House |
| 20:53 | Build | House |
| 20:54 | Build | House |
| 21:01 | Build | House |
| 21:02 | Build | House |
| 21:08 | Queue | Villager (Male) |
| 21:12 | Build | Palisade Wall |
| 21:14 | Build | House |
| 21:15 | Build | Palisade Wall |
| 21:33 | Build | House |
| 21:34 | Build | House |
| 21:35 | Build | House |
| 21:59 | Build | Castle |
| 22:07 | Build | Farm |
| 22:27 | Build | Lumber Camp |
| 22:39 | Queue | Villager (Male) |
| 22:39 | Queue | Villager (Male) |
Match timeline
| 7:16 | DS_Ciskhan · first_building Barracks |
| 8:02 | CNZS_DuDuZhu · first_building Barracks |
| 8:33 | DS_Ciskhan · age_up feudal |
| 8:36 | DS_Ciskhan · first_building Stable |
| 8:51 | CNZS_DuDuZhu · age_up feudal |
| 9:12 | CNZS_DuDuZhu · first_building Stable |
| 9:16 | DS_Ciskhan · wall_segment Palisade Wall x7 |
| 9:19 | DS_Ciskhan · wall_segment Palisade Wall x17 |
| 9:52 | CNZS_DuDuZhu · wall_segment Palisade Wall x5 |
| 9:57 | CNZS_DuDuZhu · wall_segment Palisade Wall x6 |
| 10:03 | DS_Ciskhan · wall_segment Palisade Wall x1 |
| 10:05 | DS_Ciskhan · wall_segment Palisade Wall x10 |
| 10:22 | CNZS_DuDuZhu · wall_segment Palisade Wall x1 |
| 10:57 | DS_Ciskhan · wall_segment Palisade Wall x9 |
| 11:15 | CNZS_DuDuZhu · wall_segment Palisade Wall x3 |
| 11:25 | DS_Ciskhan · wall_segment Palisade Wall x22 |
| 11:28 | CNZS_DuDuZhu · wall_segment Palisade Wall x5 |
| 11:41 | CNZS_DuDuZhu · wall_segment Palisade Wall x6 |
| 12:41 | DS_Ciskhan · wall_segment Palisade Wall x10 |
| 15:21 | CNZS_DuDuZhu · first_building Archery Range |
| 17:51 | DS_Ciskhan · wall_segment Stone Wall x7 |
| 17:52 | DS_Ciskhan · wall_segment Stone Wall x1 |
| 20:02 | DS_Ciskhan · age_up castle |
| 21:12 | DS_Ciskhan · wall_segment Palisade Wall x1 |
| 21:15 | DS_Ciskhan · wall_segment Palisade Wall x1 |
| 21:28 | CNZS_DuDuZhu · first_market_buy 100 food |
| 21:28 | CNZS_DuDuZhu · first_market_sell 100 stone |
| 21:59 | DS_Ciskhan · first_building Castle |
| 22:58 | DS_Ciskhan · wall_segment Palisade Wall x3 |
| 22:59 | DS_Ciskhan · wall_segment Palisade Wall x1 |
| 23:02 | DS_Ciskhan · wall_segment Palisade Wall x1 |
| 23:05 | DS_Ciskhan · wall_segment Palisade Wall x1 |
| 23:09 | DS_Ciskhan · wall_segment Palisade Wall x1 |
| 23:10 | DS_Ciskhan · wall_segment Palisade Wall x1 |
| 23:44 | DS_Ciskhan · wall_segment Palisade Wall x1 |
| 24:42 | DS_Ciskhan · wall_segment Palisade Wall x1 |
| 24:52 | CNZS_DuDuZhu · age_up castle |
| 25:18 | CNZS_DuDuZhu · first_building Monastery |
| 26:21 | DS_Ciskhan · wall_segment Palisade Wall x1 |
| 28:02 | CNZS_DuDuZhu · first_building Siege Workshop |
| 32:17 | DS_Ciskhan · wall_segment Palisade Wall x1 |
| 32:36 | DS_Ciskhan · resign |
[ AI ANALYSIS · 1 CREDIT ]
What really happened in this match?
Wolo.gg analyzes every decision: build order, eco, micro, common mistakes by bracket. Personalized analysis on WhatsApp or Discord in 30 seconds.
Civ guide
Turks
Perfil
Jugador #6251969